 Dungeon Crawl Stone Soup version 0.31-a0-237-g2d982f9f85 (webtiles) character file.

Game seed: 14911395948920817205

56 qw the Shooter (level 3, 0/21 HPs)
             Began as a Gargoyle Hexslinger on July 11, 2023.
             Slain by a cerulean imp
             ... wielding a +0 spear
             ... summoned by Natasha
              (4 damage)
             ... on level 2 of the Dungeon.
             The game lasted 00:00:23 (833 turns).

qw the Shooter (Gargoyle Hexslinger)                 Turns: 833, Time: 00:00:24

Health: 0/21       AC:  8    Str: 11    XL:     3   Next: 97%
Magic:  4/4        EV: 10    Int: 13    God:
Gold:   74         SH:  0    Dex: 14    Spells: 3/4 levels left

rFire   . . .        Y - +1 sling
rCold   . . .        (no shield)
rNeg    + . .        d - +0 ring mail
rPois   inf          (no helmet)
rElec   +            (no cloak)
rCorr   .            (no gloves)
SInv    .            (no boots)
Will    .....        (no amulet)
Stlth   +            (no ring)
HPRegen 0.23/turn    (no ring)
MPRegen 0.09/turn

%: no passive effects
@: slowed, very slow
A: sickness immunity, AC +3, negative energy resistance 1, electricity
resistance, torment resistance 1, petrification resistance
a: no special abilities


You were on level 2 of the Dungeon.
You visited 1 branch of the dungeon, and saw 2 of its levels.

You collected 74 gold pieces.


Innate Abilities, Weirdness & Mutations

You are immune to sickness and miasma.
Your stone body is resilient. (AC +3)
You are immune to poison.
You resist negative energy. (rN+)
You are resistant to electric shocks. (rElec)
You are resistant to unholy torment.
You are immune to petrification.


   Skills:
 - Level 2.0 Fighting
 + Level 3.8 Ranged Weapons
 - Level 1.5 Dodging
 - Level 1.0 Spellcasting
 - Level 2.6 Hexes


You had 3 spell levels left.
You knew the following spells:

 Your Spells              Type           Power      Damage    Failure   Level
a - Slow                  Hex            28%        N/A       22%         1

Your spell library contained the following spells:

 Spells                   Type           Power      Damage    Failure   Level
 Inner Flame              Hex/Fire       4%         N/A       75%         3
 Portal Projectile        Hex/Tloc       8%         N/A       75%         3
 Cause Fear               Hex            3%         N/A       92%         4

Inventory:

Hand Weapons
 Y - a +1 sling (weapon)
Armour
 a - a +0 pair of boots
 d - a +0 ring mail (worn)
Jewellery
 h - an amulet of reflection
Scrolls
 b - 2 scrolls of teleportation {unknown}
Potions
 c - a potion of attraction {unknown}
 e - a potion of enlightenment {unknown}
 f - a potion of cancellation {unknown}
 g - 2 potions of haste {unknown}

Dungeon Overview and Level Annotations

Branches:
Dungeon (2/15)

Altars:

Annotations:
D:2 Natasha


Message History

You start resting.
Natasha, Servant of Life and Death comes into view.
She is carrying a wand of flame (25).
You shoot a sling bullet.
The sling bullet hits Natasha but does no damage.
Natasha mumbles some strange words.
You shoot a sling bullet.
The sling bullet closely misses the cerulean imp.
You shoot a sling bullet. The sling bullet hits Natasha.
Natasha is lightly wounded.
You shoot a sling bullet.
The sling bullet closely misses Natasha.
Natasha mumbles some strange words.
The cerulean imp hits you but does no damage.
Natasha stares at you and mumbles some strange words.
The magic dart hits you.
You shoot a sling bullet.
The sling bullet closely misses Natasha.
The cerulean imp hits you but does no damage.
The cerulean imp closely misses you.
The cerulean imp hits you from afar with a +1 spear.
You shoot a sling bullet.
The sling bullet hits Natasha but does no damage.
Natasha is lightly wounded.
Natasha zaps a wand.
The puff of flame misses you. The cerulean imp barely misses you.
The cerulean imp hits you from afar with a +1 spear.
Natasha casts a spell at you.
You feel yourself slow down.
You shoot a sling bullet.
The sling bullet closely misses Natasha.
The sling bullet misses the cerulean imp.
The cerulean imp hits you but does no damage.
The cerulean imp barely misses you.
Natasha zaps a wand.
The puff of flame hits you. The cerulean imp barely misses you. x2
Natasha claws you but does no damage.
You shoot a sling bullet.
The sling bullet closely misses Natasha.
The sling bullet barely misses the cerulean imp.
The cerulean imp hits you from afar with a +0 spear.
You die...

#.. ....).. #.. ....... #..
....... ##. ....... ####.
....... ###.... .......# #.
......##. ......%######.
#####..#. #.##.....@h5..##.
##..#. #.#............#..
#.....
##........5......#.###.###.
###................#.....###.
..............>..............
..................####.##.#^
..............(.<###..##...
..#.............##..######
##..........#.##.##


You could see Natasha and 2 cerulean imps.

Vanquished Creatures
  Natasha (D:2)
  A worm (D:2)
  6 bats
  2 endoplasms (D:1)
  2 hobgoblins (D:1)
  5 quokkas (D:1)
  A ball python (D:1)
  2 goblins (D:1)
  4 kobolds
  4 rats
28 creatures vanquished.

Notes
Turn   | Place    | Note
-------+----------+-------------------------------------------
     0 | D:1      | qw the Gargoyle Hexslinger began the quest for the Orb.
     0 | D:1      | Reached XP level 1. HP: 12/12 MP: 2/2
     0 | D:1      | 0 ||| qw: Version: 0.3-a-52-g30416fa
     0 | D:1      | 0 ||| qw: Game counter: 5672
     0 | D:1      | 0 ||| qw: Melee chars always use a shield: true
     0 | D:1      | 0 ||| qw: God list: Okawaru
     0 | D:1      | 0 ||| qw: Allow faded altars: false
     0 | D:1      | 0 ||| qw: Do Orc after clearing Dungeon:15 true
     0 | D:1      | 0 ||| qw: Do second Lair branch before Depths: true
     0 | D:1      | 0 ||| qw: Lair rune preference: random
     0 | D:1      | 0 ||| qw: Goals: Normal
     0 | D:1      | 0 ||| PLANNING D:1-11
    78 | D:1      | Reached XP level 2. HP: 16/16 MP: 3/3
   154 | D:1      | Reached skill level 3 in Ranged Weapons
   430 | D:1      | Reached XP level 3. HP: 21/21 MP: 4/4
   533 | D:1      | Found a faded altar of an unknown god.
   540 | D:1      | 540 ||| UPGRADING to +0 ring mail.
   550 | D:1      | 550 ||| DROPPING +0 robe.
   551 | D:1      | 551 ||| READING scroll labelled BULOEK QENO.
   552 | D:1      | 552 ||| DROPPING scroll of poison.
   814 | D:2      | Noticed Natasha
   821 | D:2      | Killed Natasha
   825 | D:2      | Noticed Natasha
   832 | D:2      | HP: 3/21 [Natasha/puff of flame (4)]
   833 | D:2      | Slain by a cerulean imp

Levels and vault maps discovered:
D:1:      heliophobic_arrival_glass_houses, layout_rooms,
          dilly_ecumenical_altar_fadedgnrine, skrybe_limestone_x, st_stairs_13
D:2:      layout_rooms, basic_altar, uniq_natasha

Skill      XL: |  1  2 |
---------------+-------+-----
Ranged Weapons | 3 |  3.8
Fighting       | 2 |  2.0
Dodging        | |  1.5
Spellcasting   | |  1.0
Hexes          | |  2.6

Action                     || total
---------------------------++-------
   Fire: Sling             ||   103
    Use: Scroll            ||     1
 Armour: Robe              ||     5
         Ring mail         ||    15
  Dodge: Dodged            ||    25

Table legend:
 A = Non-vault XP
 B = Vault XP
 C = Vault XP percentage of total XP
 D = Non-vault monster count
 E = Vault monster count
 F = Vault count percentage of total count
                 A         B        C        D         E       F
            +---------+---------+-------+---------+---------+-------
      Total |      44 |      37 |  45.7 |      26 |       2 |   7.1
            +---------+---------+-------+---------+---------+-------
        D:1 |      35 |       2 |   5.4 |      22 |       1 |   4.3
        D:2 |       9 |      35 |  79.5 |       4 |       1 |  20.0
            +---------+---------+-------+---------+---------+-------
